 Dungeon Crawl Stone Soup version 0.31-a0-924-ge39a22a033 (webtiles) character file.

Game seed: 2933667831303449291

545328 Gargoyl the Impregnable (level 25, -3/172 (178) HPs)
             Began as a Gargoyle Berserker on Oct 18, 2023.
             Was a High Priest of Trog.
             Slain by a juggernaut simulacrum (27 damage)
             ... summoned by a mummy priest
             ... on level 2 of the Tomb of the Ancients.
             The game lasted 01:26:08 (56268 turns).

Gargoyl the Impregnable (Gargoyle Berserker)       Turns: 56268, Time: 01:26:08

HP:   -3/172 (178)  AC: 63    Str: 29      XL:     25   Next: 47%
MP:   0/18          EV: 19    Int:  9 (11) God:    Trog [*****.]
Gold: 5012          SH:  5    Dex: 18 (25) Spells: 24/24 levels left

rFire   + . .        X - +6 broad axe (elec)
rCold   + . .        P - orb of the Evening Star {light, Rampage Int+5 Slay+5}
rNeg    + . .        O - +4 plate armour {rC+}
rPois   ∞            Z - +5 helmet "Athra" {Fly}
rElec   +            t - +2 cloak
rCorr   +            b - +2 pair of gloves
SInv    .            E - +0 pair of boots of the Equinox {rF+ Will+ Str-3 Dex+3}
Will    +....        z - amulet of reflection Stlth
                     f - ring of resist corrosion
HPRegen 0.48/turn    e - ring "Latuech" {rElec rF+ Str+4 Dex+6 Stlth-}
MPRegen 0.16/turn

%: reflection, rampage
@: about to teleport, weak-willed, marked, flying, slowed, glowing, studying
Throwing, lightly drained, very slow
A: sickness immunity, AC +19, big wings, negative energy resistance 1,
electricity resistance, torment resistance 1, petrification resistance,
iridescent scales 1, deterioration 1, dopey 1, low MP 2, strong 1, heat
vulnerability 1
}: 4/15 runes: decaying, serpentine, slimy, silver
a: Renounce Religion, Berserk, Trog's Hand, Brothers in Arms


You were on level 2 of the Tomb of the Ancients.
You worshipped Trog.
Trog was extremely pleased with you.
You visited 10 branches of the dungeon, and saw 48 of its levels.
You visited the Abyss 3 times.
You also visited: Bailey and Ice Cave.

You collected 7375 gold pieces.
You spent 2363 gold pieces at shops.

Inventory:

Hand Weapons
 a - a +7 hand axe of electrocution
 h - a +4 vampiric demon trident
 j - a +4 hand axe of flaming
 X - a +6 broad axe of electrocution (weapon)
Missiles
 o - 75 poisoned darts (quivered)
 J - a throwing net
Armour
 b - a +2 pair of gloves (worn)
 t - a +2 cloak (worn)
 v - a +3 kite shield of reflection
 E - the +0 pair of boots of the Equinox (worn) {rF+ Will+ Str-3 Dex+3}
   (You acquired it on level 1 of the Crypt)

   Str-3:     It affects your strength (-3).
   Dex+3:     It affects your dexterity (+3).
   rF+:       It protects you from fire.
   Will+:     It increases your willpower.
 L - the +1 ring mail of Grace {rCorr Str+4}
   (You found it on level 10 of the Dungeon)

   Str+4:     It affects your strength (+4).
   rCorr:     It protects you from acid and corrosion.
 O - a +4 plate armour of cold resistance (worn)
 P - the orb of the Evening Star (worn) {light, Rampage Int+5 Slay+5}
   (You found it in a bailey)

   Int+5:     It affects your intelligence (+5).
   Slay+5:    It affects your accuracy & damage with ranged weapons and melee
   (+5).
   Rampage:   It bestows one free step when moving towards enemies.
 Z - the +5 helmet "Athra" (worn) {Fly}
   (You found it on level 5 of the Pits of Slime)

   Fly:       It grants you flight.
Jewellery
 e - the ring "Latuech" (right hand) {rElec rF+ Str+4 Dex+6 Stlth-}
   (You acquired it on level 6 of the Dungeon)

   [ring of dexterity]

   Str+4:     It affects your strength (+4).
   Dex+6:     It affects your dexterity (+6).
   rF+:       It protects you from fire.
   rElec:     It insulates you from electricity.
   Stlth-:    It makes you less stealthy.
 f - a ring of resist corrosion (left hand)
 z - an amulet of reflection (around neck)
 M - a ring of positive energy
 S - the ring "Doyniga" {rPois rF+ rCorr MP+9}
   (You found it on level 3 of the Crypt)

   [ring of resist corrosion]

   rF+:       It protects you from fire.
   rPois:     It protects you from poison MP+9: It affects your magic capacity
   (+9).
   rCorr:     It protects you from acid and corrosion.
 V - the ring "Ferefidu" {rN+ Int-3 Dex+8 Stlth+}
   (You found it on level 3 of the Crypt)

   [ring of positive energy]

   Int-3:     It affects your intelligence (-3).
   Dex+8:     It affects your dexterity (+8).
   rN+:       It protects you from negative energy.
   Stlth+:    It makes you more stealthy.
Wands
 i - a wand of mindburst (27)
 m - a wand of flame (124)
 B - a wand of paralysis (45)
 D - a wand of roots (78)
 I - a wand of acid (29)
 Q - a wand of polymorph (6)
 U - a wand of digging (19)
Scrolls
 k - 10 scrolls of fear
 r - 5 scrolls of teleportation
 u - 4 scrolls of butterflies
 w - 36 scrolls of identify
 y - a scroll of immolation
 A - 5 scrolls of fog
 G - 5 scrolls of revelation
 H - 5 scrolls of blinking
 K - 4 scrolls of poison
 T - 2 scrolls of silence
 W - 2 scrolls of brand weapon
 Y - 3 scrolls of enchant weapon
Potions
 c - a potion of magic
 d - 6 potions of resistance
 g - 23 potions of curing
 l - a potion of mutation
 p - 4 potions of cancellation
 q - 6 potions of invisibility
 s - 5 potions of haste
 x - 6 potions of berserk rage
 C - 2 potions of enlightenment
 N - 4 potions of might
 R - a potion of lignification


   Skills:
 + Level 23.8 Fighting
 + Level 22.2 Axes
 + Level 0.3 Throwing
 * Level 24.3 Armour
 * Level 18.0 Dodging
 + Level 6.4 Stealth
 + Level 14.7 Shields


You had 24 spell levels left.
You didn't know any spells.
Your spell library was empty.

Dungeon Overview and Level Annotations

Branches:
Dungeon (15/15)            Temple (0/1) D:4            Lair (5/5) D:8
  Swamp (4/4) Lair:3        Snake (4/4) Lair:3        Slime (5/5) Lair:4
    Orc (2/2) D:9             Elf (3/3) Orc:2        Vaults (5/5) D:14
  Crypt (3/3) Vaults:3       Tomb (2/3) Crypt:3      Depths (0/4) D:15
 Bailey (visited)           IceCv (visited)

Altars:
Ashenzari
Cheibriados
Dithmenos
Elyvilon
Fedhas
Gozag
Kikubaaqudgha
Nemelex Xobeh
Okawaru
Qazlal
Vehumet
Xom
Yredelemnul
Jiyva

Shops:
D:1 !:(   D:4 (   D:10 ?   D:11 ?   D:13 *   D:15 [   Orc:1 !((:   Orc:2 :([(
Elf:2 [   Snake:1 :   Snake:2 =[:   Snake:3 :=:   Vaults:4 [

Portals:
Trove: Vaults:3 (give spear "Pazono")

Annotations:
Lair:3 exclusion: oklob plant
Elf:3 Zenata


Innate Abilities, Weirdness & Mutations

You are immune to sickness and miasma.
Your stone body is resilient. (AC +19)
You are immune to poison.
Your large and strong wings let you fly.
You resist negative energy. (rN+)
You are resistant to electric shocks. (rElec)
You are resistant to unholy torment.
You are immune to petrification.
You are partially covered in iridescent scales. (AC +2)
Your body sometimes deteriorates upon taking damage.
You are dopey. (Int -2)
Your magical capacity is very low. (-20% MP)
Your muscles are strong. (Str +4, Int/Dex -1)
You are vulnerable to heat. (rF-)


Message History

The mummy blinks!
You hear a loud "Zot"!
The necrophage blinks!
The death scarab blinks! x2; The cacodemon blinks!
The guardian mummy blinks!
The mummy priest blinks!
The ice devil blinks!
The death scarab blinks! x3; The mummy priest blinks!
The guardian mummy blinks!
The freezing wraith enters a dispersal trap!
The death scarab blinks! x2; The necrophage blinks!
The death scarab blinks!
The mummy blinks! x2; The cacodemon blinks!
You blink.
The freezing wraith blinks!
You blink.
You hear a loud "Zot"!
The death scarab barely misses you. The death scarab completely misses you.
You block the death scarab's attack.
The death scarab bites you but does no damage.
You hear a loud "Zot"!
The death scarab enters a dispersal trap!
The death scarab blinks!
The mummy priest blinks!
The death scarab blinks! x2
The cacodemon blinks!
The death scarab blinks! x2; The freezing wraith blinks!
The death scarab blinks! x2; The mummy priest blinks!
You blink.
The death scarab blinks!
The death scarab barely misses you.
The freezing wraith misses you. x2; The death scarab closely misses you.
You block the necrophage's attack.
Unknown command.
As you read the scroll of teleportation, it crumbles to dust.
You feel strangely unstable.
You hear a loud "Zot"!
The power of Zot is invoked against you!
You suddenly feel drained of magical energy!
The death scarab bites you.
* * * LOW HITPOINT WARNING * * *
The death scarab completely misses you. You block the death scarab's attack.
You hear a loud "Zot"!
The death scarab bites you but does no damage.
The death scarab barely misses you. The death scarab completely misses you.
The death scarab closely misses you. The death scarab bites you.
* * * LOW HITPOINT WARNING * * *
The mummy priest hits you but does no damage.
The juggernaut simulacrum hits you.
* * * LOW HITPOINT WARNING * * *
The juggernaut simulacrum freezes you!! You resist.
You die... ############# #>3§..§§..§.# #§BBM§M.B§§.# #.§§4§§§BBB.# #BM.§.B§MBMB#

#########B2W@B#
........#^BBZn#
.....(..#.BBB.#
........###B###
#(....MB#.z.^.#
#...BB.#.MB.B#
##..BBB#..Z..#
##.BBB#...MB#
...M..##.MBB#B§..§#


You could see a cacodemon, 2 mummy priests, 2 guardian mummies, a freezing
wraith (summoned), 15 death scarabs, a necrophage (summoned), a wight
(summoned), a juggernaut simulacrum (summoned) and a seven-headed hydra skeleton
(summoned).

Vanquished Creatures
  the Royal Jelly (Slime:5)
  2 dread liches (Vaults:5)
  An ancient lich (Crypt:3)
  Sojobo (Crypt:3)
  A royal mummy (Tomb:1)
  Saint Roka (Elf:3)
  2 golden dragons (Vaults:5)
  Norris (Vaults:1)
  A shard shrike zombie (Crypt:1)
  A bone dragon (Crypt:3)
  Jorgrun (Orc:1)
  2 hellephants (Crypt:1)
  Rupert (D:14)
  A tentacled monstrosity (Vaults:5)
  A titan (Vaults:5)
  5 liches
  2 deep elf master archers (Elf:3)
  2 deep elf blademasters (Elf:3)
  13 acid blobs
  9 sphinxes
  An ancient champion (Tomb:1)
  Frances (D:14)
  A thorn hunter (Swamp:3)
  2 storm dragons (Vaults:5)
  3 shadow dragons (Vaults:5)
  A tentacled starspawn (Abyss:3)
  Aizul (Snake:2)
  3 revenants
  2 tengu reavers (Crypt:3)
  11 rockslimes
  The ghost of Kipt the Spry, an adept SpFE of Dithmenos (Vaults:3)
  7 azure jellies
  Donald (Snake:3)
  4 fire giants
  4 deep elf sorcerers
  5 nagarajas (Snake:4)
  18 vault wardens
  2 orc warlords
  2 balrugs (Crypt:1)
  A juggernaut zombie (Crypt:3)
  Louise (Snake:2)
  2 frost giants
  A ghost moth (shapeshifter) (Vaults:5)
  The ghost of soseboi the Fighter, a journeyman OpIE of Gozag (D:13)
  24 ironbound preservers
  13 quicksilver oozes
  17 ghouls
  4 deep elf elementalists (Elf:3)
  5 very ugly things
  5 war gargoyles
  A formless jellyfish (Vaults:3)
  7 deep elf demonologists
  9 ironbound thunderhulks
  5 stone giants
  4 eleionomae
  6 vampire knights
  6 deep elf annihilators (Elf:3)
  A bunyip (Swamp:4)
  15 dire elephants
  Azrael (D:15)
  Nessos (D:14)
  A yellow draconian (Abyss:3)
  13 deep elf death magi
  4 ettins
  4 mummy priests (Tomb:1)
  An eidolon (Crypt:2)
  Josephine (D:15)
  6 crystal guardians
  5 deep elf high priests
  6 jiangshi (Crypt:2)
  3 shambling mangroves
  11 yaktaur captains
  12 great orbs of eyes
  A fire dragon (D:14)
  A spriggan zombie (Crypt:3)
  An entropy weaver (Vaults:5)
  33 vault guards
  A quicksilver dragon skeleton (Tomb:1)
  3 ghost crabs
  A fenstrider witch zombie (Crypt:3)
  4 peacekeepers
  2 salamander tyrants (Snake:3)
  A catoblepas (shapeshifter) (Vaults:5)
  A rakshasa (Abyss:3)
  3 death knights
  11 anacondas
  11 ironbound frosthearts
  23 hydras
  4 catoblepae
  9 alligators
  Erica (D:10)
  13 centaur warriors
  10 death scarabs (Tomb:1)
  An ogre mage (Vaults:5)
  7 boulder beetles
  7 two-headed ogres
  A deep troll earth mage (Vaults:5)
  3 vampire magi
  7 orc high priests
  15 naga warriors
  16 death yaks
  30 dancing weapons
  6 shock serpents
  6 thrashing horrors (Abyss:3)
  A spriggan berserker (Swamp:2)
  13 naga sharpshooters
  13 deep elf knights
  18 hell knights
  18 skeletal warriors
  5 skysharks
  5 salamander mystics
  6 shadow wraiths
  2 arcanists
  A golden dragon zombie (Crypt:3)
  3 glowing orange brains
  4 sea snakes (Snake:4)
  5 goliath frogs
  6 naga ritualists
  2 spriggan druids (Swamp:4)
  17 swamp dragons
  51 deep trolls
  9 bog bodies
  4 orc knights
  A bunyip skeleton (Crypt:3)
  17 ironbound convokers
  8 necromancers
  3 flayed ghosts
  13 lindwurms
  2 anaconda skeletons (Crypt:3)
  8 harpies
  3 phantasmal warriors
  8 mana vipers
  10 deep elf archers
  A manticore (shapeshifter) (Vaults:5)
  2 large abominations (Abyss:3)
  An oklob plant (Lair:3)
  10 shining eyes
  27 deep elf pyromancers
  17 deep elf zephyrmancers
  13 salamanders
  4 will-o-the-wisps
  A shadow dragon skeleton (Crypt:1)
  A cyclops (D:13)
  2 iron dragon zombies (Crypt:1)
  5 orc sorcerers
  12 ugly things
  3 manticores
  8 guardian serpents
  22 elephants
  15 vault sentinels
  19 naga magi
  2 apocalypse crabs (Abyss:3)
  A centaur zombie (Tomb:2)
  3 eyes of devastation
  A centaur skeleton (Crypt:3)
  40 black mambas
  A gargoyle (Bailey)
  An unseen horror (Abyss:3)
  An ice statue (IceCv)
  10 cane toads
  4 kobold demonologists
  26 yaktaurs
  6 freezing wraiths
  An efreet (D:9)
  A komodo dragon (shapeshifter) (Elf:1)
  An alligator snapping turtle skeleton (Crypt:2)
  9 rime drakes
  8 komodo dragons
  An unseen horror skeleton (Crypt:1)
  2 purple draconian skeletons
  9 guardian mummies (Tomb:1)
  A grey draconian skeleton (Crypt:2)
  6 trolls
  8 polar bears
  17 hornets
  2 bloated husks (Swamp:3)
  7 tyrant leeches
  A hornet (shapeshifter) (D:13)
  A blink frog (shapeshifter) (D:14)
  A harpy skeleton (Crypt:3)
  A hydra skeleton (Crypt:3)
  12 raiju (Abyss:3)
  A dream sheep (Lair:5)
  13 blink frogs
  A human simulacrum (Vaults:1)
  97 slime creatures
  A jumping spider (shapeshifter) (Vaults:5)
  A fire dragon zombie (Crypt:3)
  A raiju (shapeshifter) (Elf:1)
  A centaur simulacrum (D:15)
  34 flying skulls
  2 water elementals
  6 ushabtiu (Tomb:1)
  An elf skeleton (Vaults:1)
  A shadow (D:10)
  19 spriggans
  2 air elementals
  An ice dragon skeleton (Tomb:1)
  10 wraiths
  5 wyverns
  5 fire elementals
  An unseen horror simulacrum (D:10)
  4 vampires
  2 golden eyes
  7 starcursed masses (Abyss:3)
  38 yaks
  A tyrant leech zombie (Crypt:2)
  8 basilisks
  A steam dragon (D:7)
  4 neqoxecs (Abyss:3)
  6 vampire mosquitoes
  3 chaos spawn (Abyss:3)
  6 wargs
  51 nagas
  An acid dragon (D:13)
  17 swamp worms
  14 water moccasins
  6 hell hounds (D:15)
  A cane toad zombie (Crypt:1)
  2 glowing shapeshifter skeletons (Vaults:1)
  6 swamp drakes
  2 ice beasts
  A sky beast (D:8)
  A naga skeleton (Crypt:3)
  6 black bears
  A human zombie (Vaults:1)
  23 orc warriors
  9 boggarts
  35 wolves
  6 ogres
  7 centaurs
  A swamp dragon zombie (Crypt:2)
  A torpor snail zombie (Crypt:2)
  4 kobold brigands
  11 bullfrogs
  3 gnoll sergeants
  A glowing shapeshifter simulacrum (Vaults:1)
  10 necrophages
  2 earth elementals (Elf:1)
  3 scorpions
  8 wights
  A troll zombie (Crypt:2)
  A small abomination (Abyss:3)
  12 killer bees
  A howler monkey (D:5)
  9 wolf zombies (Bailey)
  6 vampire bats (Bailey)
  3 electric eels
  10 jellies
  A quasit (Abyss:3)
  A gnoll bouda (D:7)
  3 hounds (D:5)
  21 orc priests
  3 iguanas
  18 orc wizards
  A killer bee zombie (Crypt:2)
  A hound skeleton (Crypt:2)
  16 mummies
  15 gnolls
  6 adders
  2 shadow imps (D:7)
  2 white imps
  2 ufetubi (D:6)
  An adder zombie (Crypt:1)
  2 dart slugs
  5 worms
  53 orcs
  5 ball pythons
  5 bats
  24 endoplasms
  2 giant cockroaches
  6 goblins
  6 hobgoblins
  5 jackals
  8 kobolds
  A quokka (D:5)
  7 frilled lizards
  A goblin skeleton (Crypt:2)
  17 orc zombies (Bailey)
  A quokka skeleton (Crypt:1)
  4 rats
  A starspawn tentacle (Abyss:3)
1958 creatures vanquished.

Vanquished Creatures (collateral kills)
  A nagaraja (Snake:4)
  2 vault wardens (Vaults:5)
  A frost giant (Vaults:5)
  A stone giant (Vaults:5)
  A formless jellyfish (Vaults:4)
  2 dire elephants (Vaults:1)
  A crystal guardian (Vaults:4)
  A mummy priest (Tomb:1)
  A vault guard (Vaults:1)
  A deep elf high priest (Vaults:5)
  2 naga warriors (Snake:4)
  2 dancing weapons (Elf:2)
  A hell knight (Crypt:1)
  5 deep elf knights
  A skyshark (Vaults:1)
  A swamp dragon (Swamp:3)
  A deep elf archer (Elf:3)
  A deep troll (Vaults:1)
  A naga ritualist (Snake:3)
  A necromancer (Vaults:1)
  An ironbound convoker (Vaults:1)
  4 deep elf zephyrmancers (Elf:1)
  A mana viper (Snake:3)
  A tengu skeleton (Vaults:1)
  2 deep elf pyromancers (Elf:1)
  2 yaktaurs (Vaults:1)
  A guardian mummy (Tomb:2)
  A fire elemental (Elf:1)
  A naga (Snake:4)
  An orc priest (Elf:3)
  An orc wizard (Elf:3)
  3 mummies (Tomb:2)
  An orc (Elf:3)
48 creatures vanquished.

Vanquished Creatures (others)
  A ghost crab (Swamp:3)
  A deep elf archer (Elf:3)
  An orc knight (Vaults:3)
  A deep elf zephyrmancer (Elf:3)
  2 deep elf pyromancers
  A hellion (Crypt:1)
  A bloated husk (Swamp:1)
  A tyrant leech (Swamp:2)
  A spriggan (Swamp:4)
  A fire elemental (Elf:2)
  2 orc wizards (D:5)
  6 foxfires (Swamp:3)
  3 starspawn tentacles (Abyss:3)
22 creatures vanquished.

Grand Total: 2028 creatures vanquished

Notes
Turn   | Place    | Note
-------+----------+-------------------------------------------
     0 | D:1      | Gargoyl the Gargoyle Berserker began the quest for the Orb.
     0 | D:1      | Reached XP level 1. HP: 14/14 MP: 1/1
    69 | D:1      | Reached XP level 2. HP: 7/19 MP: 2/2
   176 | D:1      | Found Turphe's Book Boutique.
   330 | D:1      | Found Zamoczacla's Antique Weapon Boutique.
   619 | D:1      | Found Zulamiamn's Distillery.
   628 | D:1      | Bought a potion of curing for 33 gold pieces
   836 | D:2      | Reached XP level 3. HP: 23/23 MP: 3/3
  1391 | D:3      | Reached XP level 4. HP: 29/29 MP: 4/4
  1573 | D:3      | Reached ** piety under Trog
  2069 | D:4      | Gained mutation: You are strong-willed. (Will+) [potion of
                  | mutation]
  2082 | D:4      | Found a staircase to the Ecumenical Temple.
  2309 | D:4      | Noticed a scorpion
  2320 | D:4      | Killed a scorpion
  2321 | D:4      | Reached XP level 5. HP: 33/33 MP: 5/5
  2398 | D:4      | Reached skill level 3 in Armour
  2521 | D:4      | Reached XP level 6. HP: 22/38 MP: 6/6
  2902 | D:4      | Found Wyfudast's Weapon Emporium.
  3076 | D:5      | Entered Level 5 of the Dungeon
  3165 | D:5      | Found a broken altar of Ashenzari.
  3186 | D:5      | Reached skill level 4 in Armour
  3212 | D:5      | Reached skill level 5 in Axes
  3212 | D:5      | Reached XP level 7. HP: 30/43 MP: 7/7
  3730 | D:5      | Found a shadowy altar of Dithmenos.
  3951 | D:6      | Identified a scroll of acquirement
  3951 | D:6      | Acquired the ring "Latuech" {rElec rF+ Str+4 Dex+6 Stlth-}
  4055 | D:6      | Reached skill level 5 in Armour
  4260 | D:6      | Reached XP level 8. HP: 46/48 MP: 8/8
  4363 | D:6      | Found a stormy altar of Qazlal.
  4977 | D:7      | Found an iron altar of Okawaru.
  4978 | D:7      | Found a snail-covered altar of Cheibriados.
  4979 | D:7      | Found a white marble altar of Elyvilon.
  4981 | D:7      | Found an opulent altar of Gozag.
  4983 | D:7      | Found a shimmering altar of Xom.
  5024 | D:7      | Identified the ring "Doytzue" {Wiz rC++ SInv}
  5093 | D:7      | Found a sparkling altar of Nemelex Xobeh.
  5093 | D:7      | Found an ancient bone altar of Kikubaaqudgha.
  5103 | D:7      | Reached skill level 5 in Fighting
  5103 | D:7      | Reached skill level 6 in Armour
  5144 | D:7      | Noticed a wyvern
  5163 | D:7      | Killed a wyvern
  5494 | D:7      | Reached XP level 9. HP: 54/54 MP: 9/9
  5991 | D:8      | Reached skill level 7 in Armour
  6023 | D:8      | Acquired a manual of Axes
  6027 | D:8      | Acquired 401 gold pieces
  6274 | D:8      | Found a staircase to the Lair.
  6274 | D:8      | Noticed a komodo dragon
  6296 | D:8      | Killed a komodo dragon
  6735 | D:9      | Found a staircase to the Orcish Mines.
  6738 | D:9      | Noticed a troll
  6746 | D:9      | Reached skill level 8 in Armour
  6751 | D:9      | Killed a troll
  6752 | D:9      | Reached skill level 1 in Shields
  6761 | D:9      | Identified the +5 whip "Ideruo" {heavy, rPois Will++ MP+9}
  6796 | D:9      | Reached skill level 5 in Dodging
  6806 | D:9      | Reached XP level 10. HP: 33/60 MP: 10/10
  7099 | D:9      | Reached skill level 10 in Axes
  7145 | D:9      | Reached skill level 9 in Armour
  7311 | D:9      | Reached *** piety under Trog
  7374 | D:9      | Noticed a boulder beetle
  7374 | D:9      | Noticed a manticore
  7392 | D:9      | Killed a manticore
  7397 | D:9      | Killed a boulder beetle
  7587 | D:9      | Noticed a red ugly thing
  7603 | D:9      | Killed a red ugly thing
  7604 | D:9      | Reached skill level 10 in Armour
  7604 | D:9      | Reached XP level 11. HP: 67/67 MP: 11/11
  7645 | D:9      | Noticed a manticore
  7664 | D:9      | Killed a manticore
  8043 | D:9      | Found a blossoming altar of Fedhas.
  8245 | IceCv    | Identified the "Ehusm"
  8245 | Lair:1   | Entered Level 1 of the Lair of Beasts
  9198 | Lair:1   | Reached skill level 1 in Stealth
  9231 | Lair:1   | Reached skill level 11 in Armour
  9724 | Lair:2   | Reached skill level 5 in Shields
  9734 | Lair:2   | Reached XP level 12. HP: 58/75 MP: 12/12
  9817 | Lair:2   | Noticed a catoblepas
  9833 | Lair:2   | Killed a catoblepas
 10380 | Lair:3   | Noticed a death yak
 10381 | Lair:3   | Noticed a death yak
 10381 | Lair:3   | Noticed a death yak
 10402 | Lair:3   | Noticed a catoblepas
 10405 | Lair:3   | Killed a death yak
 10406 | Lair:3   | Killed a death yak
 10417 | Lair:3   | Killed a death yak
 10438 | Lair:3   | Killed a catoblepas
 10800 | Lair:3   | Lost mutation: You are strong-willed. (Will+) [potion of
                  | mutation]
 10800 | Lair:3   | Gained mutation: You do not regenerate when monsters are
                  | visible. [potion of mutation]
 10800 | Lair:3   | Gained mutation: You have a somewhat thin skeletal
                  | structure. (Dex +2, Stealth+) [potion of mutation]
 10801 | Lair:3   | Lost mutation: You do not regenerate when monsters are
                  | visible. [potion of mutation]
 10801 | Lair:3   | Lost mutation: You have a somewhat thin skeletal structure.
                  | (Dex +2, Stealth+) [potion of mutation]
 10801 | Lair:3   | Gained mutation: You are agile. (Dex +4, Str/Int -1)
                  | [potion of mutation]
 10801 | Lair:3   | Gained mutation: You have supernaturally acute eyesight.
                  | (SInv) [potion of mutation]
 10801 | Lair:3   | Gained mutation: Your muscles are strong. (Str +4, Int/Dex
                  | -1) [potion of mutation]
 10821 | Lair:3   | Found a staircase to the Swamp.
 10832 | Lair:3   | Reached skill level 12 in Armour
 11054 | Lair:3   | Noticed a boulder beetle
 11066 | Lair:3   | Killed a boulder beetle
 11114 | Lair:3   | Found a staircase to the Snake Pit.
 11702 | Lair:4   | Reached XP level 13. HP: 80/80 MP: 13/13
 12443 | Lair:4   | Reached skill level 10 in Fighting
 12591 | Lair:4   | Found a staircase to the Slime Pits.
 12800 | Lair:5   | Entered Level 5 of the Lair of Beasts
 12835 | Lair:4   | Reached skill level 13 in Armour
 13295 | Lair:5   | Gained mutation: Your large and strong wings let you fly.
                  | [Gargoyle growth]
 13295 | Lair:5   | Reached XP level 14. HP: 88/88 MP: 14/14
 13314 | Lair:5   | Identified the ring "Ciroa" {rPois rC+++ MP+9 Int-5 Slay-4}
 13366 | Lair:5   | Reached **** piety under Trog
 14388 | D:10     | Entered Level 10 of the Dungeon
 14388 | D:10     | Found Plog's Magic Scroll Shop.
 14406 | D:10     | Bought a scroll of enchant weapon for 120 gold pieces
 14406 | D:10     | Bought a scroll of teleportation for 48 gold pieces
 14476 | D:10     | Reached skill level 10 in Shields
 14481 | D:10     | Found a flagged portal.
 14484 | D:10     | Identified the +1 ring mail of Grace {rCorr Str+4}
 14563 | Bailey   | Entered a bailey
 14753 | Bailey   | Reached ***** piety under Trog
 14934 | Bailey   | Identified the orb of the Evening Star {light, Rampage
                  | Int+5 Slay+5}
 15042 | D:10     | Noticed Erica
 15053 | D:10     | Killed Erica
 15454 | D:10     | Reached skill level 14 in Armour
 15807 | D:11     | Found Liaz's Magic Scroll Boutique.
 15866 | D:11     | Bought a scroll of blinking for 105 gold pieces
 15866 | D:11     | Bought a scroll of teleportation for 42 gold pieces
 15866 | D:11     | Bought a scroll of enchant weapon for 105 gold pieces
 15866 | D:11     | Bought a scroll of enchant weapon for 105 gold pieces
 16096 | D:11     | Reached skill level 15 in Axes
 16128 | D:11     | Found a frozen archway.
 16137 | IceCv    | Entered an ice cave
 16142 | IceCv    | Received a gift from Trog
 16532 | IceCv    | Reached XP level 15. HP: 92/96 MP: 15/15
 16565 | IceCv    | Noticed a frost giant
 16580 | IceCv    | Killed a frost giant
 17659 | D:12     | Identified the +4 falchion "Poqoerr" {elec, Stlth+}
 17827 | D:13     | Found Zauq's Assorted Antiques.
 17842 | D:13     | Bought a potion of curing for 117 gold pieces
 17842 | D:13     | Bought a scroll labelled ITOTUN ZURRIOR for 39 gold pieces
 17842 | D:13     | Bought a potion of curing for 117 gold pieces
 17907 | D:13     | Reached skill level 15 in Armour
 18076 | D:13     | Found a runed translucent door.
 18082 | D:13     | Noticed soseboi's ghost (journeyman OpIE)
 18082 | D:13     | Identified the +8 spear of Checks and Balances {flame,
                  | Dex+2}
 18538 | D:13     | Identified the +2 shortbow of Niv Nuef {heavy, Will+++
                  | Dex+3}
 18556 | D:13     | Killed soseboi's ghost
 18556 | D:13     | Received a gift from Trog
 18875 | D:14     | Reached skill level 10 in Dodging
 19052 | D:14     | Noticed Frances
 19068 | D:14     | Killed Frances
 19171 | D:14     | Noticed Nessos
 19172 | D:14     | Noticed Rupert
 19173 | D:14     | Paralysed by Rupert for 2 turns
 19182 | D:14     | Killed Nessos
 19184 | D:14     | Killed Rupert
 19406 | D:14     | Found a gate to the Vaults.
 19992 | D:15     | Entered Level 15 of the Dungeon
 20022 | D:15     | Found a staircase to the Depths.
 20023 | D:15     | Noticed a fire giant
 20032 | D:15     | Killed a fire giant
 20334 | D:15     | Found a stormy altar of Qazlal.
 20466 | D:15     | Found Qipritai's Armour Boutique.
 20637 | D:15     | Reached skill level 16 in Armour
 20660 | D:15     | Noticed Josephine
 20669 | D:15     | Killed Josephine
 20808 | D:15     | Noticed Azrael
 20821 | D:15     | Killed Azrael
 21309 | Orc:1    | Entered Level 1 of the Orcish Mines
 21309 | Orc:1    | Found Zuhaut's Antique Weapon Shoppe.
 21309 | Orc:1    | Found Cuijaapi's Book Shop.
 21311 | Orc:1    | Noticed an orc warlord
 21334 | Orc:1    | Killed an orc warlord
 21431 | Orc:1    | Noticed Jorgrun
 21432 | Orc:1    | Found Gayn's Distillery.
 21447 | Orc:1    | Killed Jorgrun
 21448 | Orc:1    | Reached XP level 16. HP: 89/104 MP: 16/16
 21527 | Orc:1    | Found Puud's Weapon Boutique.
 21725 | Orc:1    | Bought a potion of heal wounds for 85 gold pieces
 21725 | Orc:1    | Bought a potion of heal wounds for 85 gold pieces
 21998 | Orc:2    | Entered Level 2 of the Orcish Mines
 22036 | Orc:2    | Paralysed by an orc sorcerer for 3 turns
 22447 | Orc:2    | Paralysed by an orc sorcerer for 3 turns
 22451 | Orc:2    | Received a gift from Trog
 22456 | Orc:2    | Found Adyttisel's Antique Weapon Shop.
 22456 | Orc:2    | Found Baskamoe's Book Shop.
 22456 | Orc:2    | Found Astrugici's Armour Boutique.
 22786 | Orc:2    | Found a staircase to the Elven Halls.
 22842 | Orc:2    | Found Etsaty's Antique Weapon Boutique.
 22845 | Orc:2    | Bought a jewelled war axe for 306 gold pieces
 22845 | Orc:2    | Identified the +8 war axe "Ceiwk" {spect, *Slow rN+++
                  | Dex+4} (You bought it in a shop on level 2 of the Orcish
                  | Mines)
 23241 | Snake:1  | Entered Level 1 of the Snake Pit
 23723 | Snake:1  | You are sucked into a shaft and drop 1 floor!
 23817 | Snake:1  | Reached skill level 17 in Armour
 24102 | Snake:1  | Found Keilyo's Self-Improvement Boutique.
 24139 | Snake:1  | Reached ****** piety under Trog
 24289 | Snake:1  | Received a gift from Trog
 24624 | Snake:2  | Noticed Louise
 24653 | Snake:2  | Killed Louise
 24769 | Snake:2  | Found Bimuq's Book Boutique.
 24771 | Snake:2  | Found Nisedwere's Antique Armour Shop.
 24773 | Snake:2  | Found Lamoineh's Jewellery Boutique.
 25173 | Snake:2  | Noticed Aizul
 25188 | Snake:2  | Killed Aizul
 25403 | Snake:2  | Reached XP level 17. HP: 112/112 MP: 17/17
 25683 | Snake:3  | Noticed Donald
 25694 | Snake:3  | HP: 4/112 [naga sharpshooter/arrow (9)]
 25965 | Snake:3  | Killed Donald
 25968 | Snake:3  | Reached skill level 18 in Armour
 26056 | Snake:3  | Reached skill level 15 in Fighting
 26196 | Snake:3  | Received a gift from Trog
 26443 | Snake:3  | Found Feuhes's Book Emporium.
 26443 | Snake:3  | Found Oluk's Jewellery Shop.
 26444 | Snake:3  | Found Netone's Book Emporium.
 26451 | Snake:3  | Bought an amulet of reflection for 480 gold pieces
 26460 | Snake:3  | Bought a +6 ring of strength for 576 gold pieces
 26749 | Snake:4  | Entered Level 4 of the Snake Pit
 27088 | Snake:4  | Identified the +1 leather armour "Vico" {Str+4 Slay+3}
 27128 | Snake:4  | Received a gift from Trog
 27181 | Snake:4  | Got a serpentine rune of Zot
 27316 | Snake:4  | Reached XP level 18. HP: 120/120 MP: 18/18
 27326 | Snake:4  | Reached skill level 19 in Armour
 28155 | Vaults:1 | Entered Level 1 of the Vaults
 28425 | Vaults:1 | Received a gift from Trog
 28568 | Vaults:1 | Noticed Norris
 28578 | Vaults:1 | Killed Norris
 28778 | Vaults:1 | Reached skill level 5 in Stealth
 29041 | Vaults:1 | Identified the +0 leather armour "Hecas" {rCorr}
 29708 | Vaults:1 | Reached XP level 19. HP: 102/127 MP: 19/19
 30123 | Vaults:2 | Reached skill level 20 in Armour
 31857 | Vaults:3 | Found a staircase to the Crypt.
 32039 | Vaults:3 | Identified the +4 scale mail of Creativity {Harm Rampage
                  | Drain rPois}
 32470 | Vaults:3 | Found a runed translucent gate.
 32470 | Vaults:3 | Found a runed translucent gate.
 32470 | Vaults:3 | Found a runed translucent gate.
 32470 | Vaults:3 | Identified the +1 plate armour "Vusoh" {Harm rN+ Dex+2}
 32470 | Vaults:3 | Identified the +0 kite shield of Butoerr {Fly Dex+3}
 32738 | Vaults:3 | Received a gift from Trog
 32765 | Vaults:3 | Noticed Kipt's ghost (adept SpFE)
 33121 | Vaults:3 | Found a portal to a secret trove of treasure.
 33393 | Vaults:3 | Reached XP level 20. HP: 136/136 MP: 20/20
 33523 | Vaults:3 | Killed Kipt's ghost
 34241 | Vaults:4 | Found Oleivyzu's Antique Armour Emporium.
 34256 | Vaults:4 | Reached skill level 21 in Armour
 35437 | Vaults:5 | Identified the "Yfentoll"
 35437 | Vaults:5 | Entered Level 5 of the Vaults
 35909 | Vaults:5 | Reached XP level 21. HP: 144/144 MP: 21/21
 36128 | Vaults:5 | Noticed a dread lich
 36463 | Vaults:5 | Noticed a golden dragon
 36488 | Vaults:5 | Killed a golden dragon
 36860 | Vaults:5 | Identified the +1 spear "Etatwaet" {heavy, rC+ rN+ Will++
                  | Stlth+}
 36865 | Abyss:3  | Cast into level 3 of the Abyss (a deep elf demonologist)
 36880 | Vaults:5 | Escaped the Abyss
 36934 | Vaults:5 | Noticed a dread lich
 36940 | Vaults:5 | Paralysed by a dread lich for 5 turns
 36947 | Vaults:5 | Noticed a dread lich
 37005 | Vaults:5 | Killed a dread lich
 37187 | Abyss:3  | Cast into level 3 of the Abyss (a deep elf sorcerer)
 37235 | Vaults:5 | Escaped the Abyss
 37257 | Vaults:5 | Reached skill level 22 in Armour
 37271 | Vaults:5 | Got a silver rune of Zot
 37392 | Vaults:5 | Noticed a golden dragon
 37399 | Vaults:5 | Killed a golden dragon
 37581 | Vaults:5 | HP: 4/146 [vault warden/+1 great sword of protection (26)]
 37586 | Vaults:5 | HP: 5/146 [vault warden/+1 great sword of protection (16)]
 38243 | Vaults:5 | Killed a dread lich
 38506 | Vaults:5 | Identified the +1 trident "Kecugus" {flame, rCorr MP+9
                  | Int-2}
 38904 | Swamp:1  | Entered Level 1 of the Swamp
 39622 | Swamp:2  | Reached XP level 22. HP: 152/152 MP: 22/22
 39676 | Swamp:2  | Acquired a manual of Dodging
 41712 | Swamp:4  | Entered Level 4 of the Swamp
 41732 | Swamp:4  | Received a gift from Trog
 41811 | Swamp:4  | Reached skill level 15 in Dodging
 42028 | Swamp:4  | Got a decaying rune of Zot
 42738 | Depths:1 | Identified the "Himeish"
 42738 | Depths:3 | Identified the "Osust"
 42738 | Depths:3 | Identified the "Yqeac"
 42738 | Elf:1    | Identified the "Kywanoco"
 42738 | Elf:1    | Entered Level 1 of the Elven Halls
 42780 | Elf:1    | Found a radiant altar of Vehumet.
 44037 | Elf:2    | Found Ovenyov's Armour Boutique.
 44440 | Elf:2    | Found a runed translucent gate.
 44440 | Elf:2    | Found a runed translucent gate.
 44445 | Elf:2    | Found a runed translucent gate.
 44804 | Elf:2    | Received a gift from Trog
 44948 | Elf:2    | Reached XP level 23. HP: 102/160 MP: 23/23
 45349 | Elf:3    | Entered Level 3 of the Elven Halls
 45356 | Elf:3    | Reached skill level 23 in Armour
 45467 | Elf:3    | Noticed Zenata
 45629 | Elf:3    | Noticed Saint Roka
 45651 | Elf:3    | Killed Saint Roka
 46100 | Elf:3    | Identified the ring "Vohufe" {Fly Str+3 Int+3 Slay+4}
 46300 | Elf:3    | Found the +10 tower shield of Ignorance {rN+ Int-4}
 46486 | Elf:3    | Identified the staff "Dragon's Tongue" {rN+ Str+2 Int+2
                  | Stlth- Necro}
 46557 | Abyss:3  | Cast into level 3 of the Abyss (a deep elf demonologist)
 46725 | Abyss:3  | Received a gift from Trog
 46830 | Elf:3    | Escaped the Abyss
 47431 | Slime:1  | Entered Level 1 of the Pits of Slime
 47965 | Slime:2  | Gained mutation: You have hidden genetic defects. [a
                  | shining eye]
 47995 | Slime:2  | Paralysed by a great orb of eyes for 3 turns
 48447 | Slime:3  | Gained mutation: You have terrible hidden genetic defects.
                  | [a shining eye]
 48449 | Slime:3  | Gained mutation: Armour fits poorly on your strangely
                  | shaped body. [a shining eye]
 48456 | Slime:3  | Gained mutation: Your magical capacity is low. (-10% MP) [a
                  | shining eye]
 48471 | Slime:3  | Received a gift from Trog
 48571 | Slime:2  | Gained mutation: Your spells are a little easier to cast,
                  | but a little less powerful. [a shining eye]
 48578 | Slime:2  | Gained mutation: You are vulnerable to heat. (rF-) [a
                  | shining eye]
 48594 | Slime:2  | Reached XP level 24. HP: 153/168 MP: 20/20
 48612 | Slime:2  | Gained mutation: You are vulnerable to cold. (rC-) [hidden
                  | defects]
 48613 | Slime:2  | Gained mutation: You are dopey. (Int -2) [a shining eye]
 48660 | Slime:2  | Found a viscous altar of Jiyva.
 49399 | Slime:4  | Gained mutation: Your magical capacity is very low. (-20%
                  | MP) [a shining eye]
 49471 | Slime:4  | Gained mutation: You sometimes lose your temper in combat.
                  | [a shining eye]
 49680 | Slime:5  | Entered Level 5 of the Pits of Slime
 49680 | Slime:5  | Found the +6 arbalest "Damnation" {damnation}
 49816 | Slime:5  | Found a viscous altar of Jiyva.
 49846 | Slime:5  | Lost mutation: Your muscles are strong. (Str +4, Int/Dex
                  | -1) [potion of mutation]
 49846 | Slime:5  | Lost mutation: Your spells are a little easier to cast, but
                  | a little less powerful. [potion of mutation]
 49846 | Slime:5  | Gained mutation: You are very dopey. (Int -4) [potion of
                  | mutation]
 49847 | Slime:5  | Lost mutation: You sometimes lose your temper in combat.
                  | [potion of mutation]
 49847 | Slime:5  | Lost mutation: You have terrible hidden genetic defects.
                  | [potion of mutation]
 49847 | Slime:5  | Lost mutation: Armour fits poorly on your strangely shaped
                  | body. [potion of mutation]
 49848 | Slime:5  | Lost mutation: Your magical capacity is very low. (-20% MP)
                  | [potion of mutation]
 49848 | Slime:5  | Lost mutation: You have supernaturally acute eyesight.
                  | (SInv) [potion of mutation]
 49848 | Slime:5  | Gained mutation: Your magical capacity is very low. (-20%
                  | MP) [potion of mutation]
 49848 | Slime:5  | Gained mutation: You passively map a small area around you.
                  | [potion of mutation]
 49848 | Slime:5  | Gained mutation: Your muscles are strong. (Str +4, Int/Dex
                  | -1) [potion of mutation]
 49854 | Slime:5  | Lost mutation: You passively map a small area around you.
                  | [potion of mutation]
 49854 | Slime:5  | Lost mutation: You are very dopey. (Int -4) [potion of
                  | mutation]
 49854 | Slime:5  | Lost mutation: You are agile. (Dex +4, Str/Int -1) [potion
                  | of mutation]
 49854 | Slime:5  | Lost mutation: You are vulnerable to cold. (rC-) [potion of
                  | mutation]
 49854 | Slime:5  | Gained mutation: You are partially covered in iridescent
                  | scales. (AC +2) [potion of mutation]
 49927 | Slime:5  | Noticed the Royal Jelly
 49945 | Slime:5  | Killed the Royal Jelly
 50078 | Slime:5  | Got a slimy rune of Zot
 50102 | Slime:5  | Identified the +1 rapier "Vyockaef" {vamp, rPois Str+6}
 50108 | Slime:5  | Identified the +5 helmet "Athra" {Fly}
 50133 | Slime:5  | Identified the +5 lajatang of the Forgotten Teeth {flame,
                  | *Slow rN+ Dex+4 SInv}
 50162 | Slime:5  | Identified the +0 cloak of Clean Brilliance {Harm +Blink
                  | Will+}
 50316 | Slime:5  | Identified the +6 short sword "Bapimoeta" {drain, Will+
                  | Int+2}
 50487 | Slime:4  | Gained mutation: Your body sometimes deteriorates upon
                  | taking damage. [hidden defects]
 50487 | Slime:4  | Lost mutation: You have hidden genetic defects. [hidden
                  | defects expressed]
 51213 | Crypt:1  | Entered Level 1 of the Crypt
 51214 | Crypt:1  | Found a huge runed gate.
 51214 | Crypt:1  | Found a huge runed gate.
 51215 | Crypt:1  | Acquired the +0 pair of boots of the Equinox {rF+ Will+
                  | Str-3 Dex+3}
 51229 | Crypt:1  | Found a huge runed gate.
 51231 | Crypt:1  | Found a huge runed gate.
 51232 | Crypt:1  | Found a huge runed gate.
 51232 | Crypt:1  | Found a huge runed gate.
 51232 | Crypt:1  | Found a huge runed gate.
 51232 | Crypt:1  | Found a huge runed gate.
 51233 | Crypt:1  | Found a huge runed gate.
 51233 | Crypt:1  | Found a huge runed gate.
 51233 | Crypt:1  | Found a huge runed gate.
 51233 | Crypt:1  | Found a huge runed gate.
 51233 | Crypt:1  | Found a huge runed gate.
 51234 | Crypt:1  | Found a huge runed gate.
 51235 | Crypt:1  | Found a huge runed gate.
 51236 | Crypt:1  | Found a huge runed gate.
 51237 | Crypt:1  | Found a huge runed gate.
 51282 | Crypt:1  | Identified the +9 trident "Teybrall" {pain, Contam *Noise
                  | Str+5 Dex+4}
 51390 | Crypt:1  | Identified the +4 flail of Dalyfo {venom, rElec Will+
                  | Str+3}
 52885 | Crypt:2  | Received a gift from Trog
 53557 | Crypt:3  | Entered Level 3 of the Crypt
 53569 | Crypt:2  | Found a basalt altar of Yredelemnul.
 53703 | Crypt:3  | Noticed Sojobo
 53710 | Crypt:3  | Paralysed by an air elemental for 1 turns
 53724 | Crypt:3  | Reached skill level 24 in Armour
 53729 | Crypt:3  | Killed Sojobo
 53940 | Crypt:3  | Noticed an ancient lich
 53941 | Crypt:3  | Found a basalt altar of Yredelemnul.
 53952 | Crypt:3  | Killed an ancient lich
 54012 | Crypt:3  | Identified the +1 orcbow "Sicog" {freeze, rElec rPois
                  | Will++ Int-3}
 54021 | Crypt:3  | Identified the ring "Doyniga" {rPois rF+ rCorr MP+9}
 54195 | Crypt:3  | Reached XP level 25. HP: 176/176 MP: 18/18
 54261 | Crypt:3  | Received a gift from Trog
 54533 | Crypt:3  | Found a staircase to the Tomb.
 55139 | Crypt:3  | Identified the ring "Ferefidu" {rN+ Int-3 Dex+8 Stlth+}
 55139 | Crypt:3  | Identified the ring of Naistrupa {rN+ Str+2 Int+5 Dex+3}
 55342 | Tomb:1   | Entered Level 1 of the Tomb of the Ancients
 55513 | Tomb:1   | Paralysed by a sphinx for 5 turns
 55819 | Tomb:1   | Noticed a royal mummy
 55831 | Tomb:1   | Received a gift from Trog
 55844 | Tomb:1   | Killed a royal mummy
 56233 | Tomb:2   | Noticed a royal mummy
 56239 | Tomb:2   | Noticed a royal mummy
 56241 | Tomb:2   | Noticed a royal mummy
 56250 | Tomb:2   | Noticed a royal mummy
 56268 | Tomb:2   | Slain by a juggernaut simulacrum

Illustrated notes

Levels and vault maps discovered:
D:1:      minmay_arrival_plants_in_alcoves, layout_basic, serial_shops,
          nicolae_shop_tiny_real_fake_doors, shop, shop, minmay_pentomino_r2
D:2:      layout_rooms
D:3:      layout_basic, kennysheep_small_spiral, hangedman_decor_points
D:4:      layout_basic, minmay_temple_entry_glass, serial_shops,
          nicolae_shop_bloodbath_and_beyond
D:5:      layout_loops_ring, overflow_temple_1_default, ashenzari_altar_1
D:6:      layout_basic, lemuel_crystal_altar
D:7:      layout_gridville, minitemple, mainiacjoe_overflow_catwalk_spiral
D:8:      layout_gridville, david_lair_shrubbed
D:9:      layout_loops_corners, kennysheep_mini, david_orc_2,
          minmay_shattered_shrine
D:10:     lemuel_slime, layout_basic, enter_bailey_8, serial_bayou,
          serial_bayou_shore_b, serial_bayou_pond_a, serial_bayou_shore_b,
          serial_bayou_pond_b, serial_shops, nicolae_shop_gibbet_a_chance,
          grunt_tough_drop, uniq_erica
D:11:     layout_basic, portal_ice_cave_rime, serial_shops,
          nicolae_shop_advertising_works [nicolae_subvault_shop_adworks],
          blue_anna_alchemist
D:12:     layout_big_octagon
D:13:     layout_basic, ebering_ghost_funeral_grove, serial_shops,
          nicolae_stop_n_shop_2
D:14:     layout_basic, david_vaults_4, nicolae_twisting_strands, uniq_frances,
          uniq_rupert, uniq_nessos
D:15:     grunt_enter_depths_giant_problem, layout_loops_corners, serial_shops,
          shop, minmay_misc_feat_square, minmay_variable_closet,
          grunt_qazlal_sundering, uniq_josephine, uniq_azrael
Lair:1:   layout_cave_pods, infiniplex_staircase_pool_2
Lair:2:   layout_cave_pods
Lair:3:   layout_regular_city, skrybe_swamp_entry_bodies,
          guppyfry_snake_entry_island, pdpol_lair_neglected_garden,
          lemuel_fruit_fields, serial_bayou_shore_a
Lair:4:   layout_hall_layers, dpeg_slime_entry_corner
Lair:5:   minmay_lair_end_enchanted_forest, layout_loops_ring, st_stairs_12
Swamp:1:  layout_basic_swamp, nicolae_swamp_feature_on_the_river_bank
Swamp:2:  nicolae_swamp_long_stream, layout_falls_marsh,
          evilmike_swamp_ruin_house_1, swamp_pool2, hangedman_swamp_diagram,
          nicolae_swamp_baby_hydras
Swamp:3:  layout_basic_swamp, evilmike_swamp_ruin_house_2, swamp_pool1,
          st_swamp_mini
Swamp:4:  swamp_alternative, layout_basic_swamp
Snake:1:  layout_basic, nicolae_shop_self_help, grunt_megastairs_1
Snake:2:  layout_onion_interference, grunt_megastairs_4, minmay_shop_star,
          uniq_aizul, uniq_louise
Snake:3:  layout_grid_shapes, nicolae_triple_integral, minmay_shop_grove,
          uniq_donald
Snake:4:  grunt_snake_rune_pools, layout_rooms
Slime:1:  layout_caves
Slime:2:  layout_caves, basic_altar, nicolae_slime_round_cave
Slime:3:  layout_caves
Slime:4:  layout_caves
Slime:5:  slime_pit_nicolae_jellycorners
Orc:1:    layout_diamond_mine, serial_shops, shop, shop, nicolae_diamond_shop,
          shop, mines2_david, uniq_jorgrun
Orc:2:    st_orc_mages, layout_caves
Elf:1:    eino_elf_arrival_altar, layout_loops_corners, minmay_elf_demonology
Elf:2:    nicolae_elf_blades_splatter_lattice [grunt_blade_entry_basic],
          layout_geoelf_octagon, serial_shops, shop
Elf:3:    elf_hall, layout_loops_cross, uniq_saint_roka, uniq_zenata
Vaults:1: nicolae_vaults_what_the_h, nicolae_vaults_sesquioval_fish,
          nicolae_vaults_double_plus_3, nicolae_vaults_double_plus_3,
          dpeg_vaults_monster_box, nicolae_vaults_more_shelving_1, v_misc_5,
          nicolae_vaults_shrinking_rooms_1, nicolae_vaults_diagonal_hallway_8,
          nicolae_vaults_diamond_2, nicolae_vaults_house_3,
          layout_vaults_maze_bifur, uniq_norris
Vaults:2: nicolae_vaults_little_squares_5, vaults_room_stairs_pillars,
          v_pattern_3, nicolae_vaults_two_Ls, grunt_vaults_funnel, v_misc_12,
          vaults_room_stairs_pillars, nicolae_vaults_tetromino_T_2,
          layout_vaults_omnigrid
Vaults:3: biasface_ghost_orc_armoury, ontoclasm_vaults_loading_screen,
          hangedman_vaults_nails, nicolae_vaults_network_quinsquares
          [nicolae_vaults_network_quincunx_subvault,
          nicolae_vaults_network_quincunx_subvault,
          nicolae_vaults_network_quincunx_subvault,
          nicolae_vaults_network_quincunx_subvault],
          nicolae_vaults_closet_pinwheel_2, v_misc_8, vaults_room_corners,
          blue_anna_dwarven_crypt, nicolae_vaults_storage_room_glass,
          ontoclasm_vaults_ring_small, nicolae_vaults_house_1,
          layout_vaults_big_room, enter_trove_5
Vaults:4: nicolae_vaults_trapezoid_3, v_rooms_5,
          nicolae_vaults_crenellated_ambush, grunt_vaults_twisty,
          nicolae_vaults_diamond_2, v_misc_3, grunt_vaults_hallway_short,
          nicolae_vaults_tetromino_Z_1, vaults_dpeg_spiral,
          nicolae_vaults_heart-shaped_vault, serial_ice_h,
          nicolae_vaults_sealed_display, nicolae_vaults_storage_closets_3,
          nicolae_vaults_offset_grid_hallway_3,
          hangedman_vaults_stretched_pinwheel, layout_vaults_omnicross,
          serial_shops, shop
Vaults:5: serial_shops
Crypt:1:  layout_basic, serial_co_window_serial, co_window_paths_b,
          co_window_corner_a, co_window_corner_a, co_window_cross_1,
          co_window_corner_a, co_window_paths_a, co_window_paths_a,
          co_window_broadway_b, co_window_broadway_c, co_window_corner_b,
          co_window_paths_d, glass_columns_c, glass_columns_a, glass_columns_b,
          glass_columns_a, not_door_vault_due
Crypt:2:  layout_chaotic_city, serial_sigils, serial_sigils_hangedman_scratch,
          serial_sigils_hangedman_writhe, serial_sigils_hangedman_shear,
          serial_sigils_hangedman_scar, serial_sigils_hangedman_etch,
          lemuel_upstairs_altar
Crypt:3:  cryptofortress_bobbens, uniq_sojobo
Tomb:1
Tomb:2

Skill      XL: |  1  2  3  4  5  6  7  8  9 10 11 12 13 14 15 16 17 18 19 20 21 22 23 24 25 |
---------------+----------------------------------------------------------------------------+-----
Axes           | 3 4 5 7 9 11 12 13 14 15 16 17 18 19 20 21 22 | 22.2
Dodging        | 2 3 4 5 6 7 8 9 10 11 12 13 14 15 16 17 18 | 18.0
Fighting       | 4 5 6 7 8 9 10 12 13 14 15 16 18 19 20 21 22 23 | 23.8
Armour         | 3 4 5 6 8 10 11 12 13 14 16 17 18 19 20 21 22 23 24 | 24.3
Shields        | 1 2 5 6 8 10 11 12 13 14 | 14.7
Stealth        | 2 4 5 6 |  6.4
Throwing       | |  0.3

Action                     |  1- 3 |  4- 6 |  7- 9 | 10-12 | 13-15 | 16-18 | 19-21 | 22-24 | 25-27 || total
---------------------------+-------+-------+-------+-------+-------+-------+-------+-------+-------++-------
  Melee: Hand axe          |    93 |   208 |   259 |   546 |  1145 |  1023 |   868 |   677 |       ||  4819
         Punch             |       |     3 |     2 |       |       |       |       |       |       ||     5
         Broad axe         |       |       |       |       |       |       |   271 |  1079 |   274 ||  1624
  Throw: Dart              |       |       |       |     1 |       |       |       |     1 |       ||     2
 Invoke: Berserk           |     1 |     4 |     8 |    13 |    14 |    17 |    22 |    12 |     2 ||    93
         Trog's Hand       |       |       |     4 |    11 |     9 |    12 |    18 |    14 |     3 ||    71
         Brothers in Arms  |       |       |       |       |       |     8 |    12 |    13 |     2 ||    35
    Use: Scroll            |     6 |     5 |    16 |     6 |    13 |     8 |     5 |    12 |     8 ||    79
         Potion            |       |     1 |     1 |     2 |       |     5 |     4 |     6 |     9 ||    28
   Stab: Petrified         |       |       |       |     6 |       |       |       |       |       ||     6
         Petrifying        |       |       |       |     3 |       |       |       |       |       ||     3
         Distracted        |       |       |       |       |       |     5 |     3 |     1 |       ||     9
         Confused          |       |       |       |       |       |       |     3 |     1 |       ||     4
         Invisible         |       |       |       |       |       |       |     4 |       |       ||     4
 Armour: Animal skin       |    74 |    24 |       |       |       |       |       |       |       ||    98
         Chain mail        |       |   148 |   222 |   346 |   321 |       |       |       |       ||  1037
         Plate armour      |       |       |       |       |   347 |   925 |   907 |  1300 |   308 ||  3787
  Dodge: Dodged            |    90 |   109 |   168 |   229 |   602 |   735 |   807 |  1388 |   336 ||  4464
  Block: Buckler           |       |       |    24 |    20 |    18 |       |       |       |       ||    62
         Kite shield       |       |       |       |   198 |   363 |       |       |       |       ||   561
         Orb               |       |       |       |       |       |   108 |   200 |   341 |    58 ||   707
         Reflection        |       |       |       |       |       |     7 |    18 |    13 |       ||    38

Table legend: (Time is in decaauts)
 A = Elapsed time spent in this place.
 B = Non-inter-level travel time spent in this place.
 C = Inter-level travel time spent in this place.
 D = Time resting spent in this place.
 E = Time spent auto-exploring this place.
 F = Levels seen in this place.
 G = Mean time per level.
                   A        B        C        D        E       F      G
               +--------+--------+--------+--------+--------+-----+--------+
         Total |  55300 |  51758 |   3542 |   5782 |  34481 |  53 | 1043.4 |
       Dungeon |  14676 |  13317 |   1359 |    438 |  10244 |  15 |  978.4 |
          Lair |   6600 |   5884 |    716 |    573 |   3900 |   5 | 1320.0 |
         Swamp |   3400 |   3193 |    207 |    536 |   1931 |   4 |  850.0 |
     Snake Pit |   4660 |   4345 |    315 |    248 |   3164 |   4 | 1165.0 |
    Slime Pits |   3343 |   3207 |    136 |     60 |   2393 |   5 |  668.6 |
  Orcish Mines |   1789 |   1656 |    133 |    268 |   1086 |   2 |  894.5 |
   Elven Halls |   4121 |   3970 |    151 |    400 |   2540 |   3 | 1373.7 |
        Vaults |  10230 |   9850 |    380 |   2431 |   5554 |   5 | 2046.0 |
         Crypt |   4000 |   3874 |    126 |    288 |   2667 |   3 | 1333.3 |
          Tomb |    955 |    939 |     16 |    167 |    481 |   2 |  477.5 |
         Abyss |    311 |    311 |      0 |     40 |     69 |   3 |  103.7 |
        Bailey |    406 |    406 |      0 |      0 |    184 |   1 |  406.0 |
      Ice Cave |    802 |    802 |      0 |    328 |    265 |   1 |  802.0 |
               +--------+--------+--------+--------+--------+-----+--------+

Top non-repeatable levels by time:
Vaults:4: 2568 daAuts
Vaults:5: 2221 daAuts
Vaults:3: 2185 daAuts
Vaults:1: 1789 daAuts
 Crypt:3: 1702 daAuts
     D:9: 1685 daAuts
  Lair:3: 1525 daAuts
   Elf:3: 1522 daAuts
Vaults:2: 1464 daAuts
    D:14: 1449 daAuts
   Elf:2: 1447 daAuts
 Crypt:1: 1372 daAuts
  Lair:4: 1361 daAuts
  Lair:2: 1339 daAuts
 Snake:1: 1336 daAuts
